 Dungeon Crawl Stone Soup version 0.30-a0-149-g7f746667c4 (webtiles) character file.

Game seed: 11189682161623798317

791 funkygono the Firebug (level 7, -1/38 HPs)
             Began as a Gargoyle Fire Elementalist on Sept 26, 2022.
             Killed by divine providence
             ... invoked by an orc priest
              (14 damage)
             ... on level 5 of the Dungeon.
             The game lasted 00:07:53 (5423 turns).

funkygono the Firebug (Gargoyle Fire Elementalist)  Turns: 5423, Time: 00:07:53

Health: -1/38      AC:  8    Str: 11    XL:     7   Next: 88%
Magic:  1/14       EV: 12    Int: 18    God:
Gold:   273        SH:  5    Dex: 10    Spells: 5/15 levels left

rFire   . . .      SeeInvis .    e - +0 whip
rCold   . . .      Faith    .    (no shield)
rNeg    + . .      Spirit   .    a - +0 robe
rPois   ∞          Reflect  +    y - +1 helmet
rElec   +          Harm     .    (no cloak)
rCorr   .          Rampage  .    (no gloves)
Will    .....                    (no boots)
Stlth   ++........               v - amulet of reflection
HPRegen 0.12/turn                (no ring)
MPRegen 0.14/turn                (no ring)

@: no status effects
A: sickness immunity, AC +4, negative energy resistance 1, electricity
resistance, torment resistance 1, petrification resistance
a: no special abilities


You were on level 5 of the Dungeon.
You visited 1 branch of the dungeon, and saw 5 of its levels.

You collected 273 gold pieces.

Inventory:

Hand Weapons
 d - a +0 mace
 e - a +0 whip (weapon)
Armour
 a - a +0 robe (worn)
 y - a +1 helmet (worn)
Jewellery
 t - an amulet of guardian spirit
 v - an amulet of reflection (around neck)
Wands
 s - a wand of roots (11)
 B - a wand of flame (20)
Scrolls
 f - a scroll of magic mapping
 p - 6 scrolls of teleportation
Potions
 b - a potion of magic
 c - a potion of flight
 g - a potion of brilliance
 k - a potion of curing
 u - a potion of might
 w - a potion of berserk rage
 x - a potion of cancellation {unknown}
 A - a potion of ambrosia {unknown}


   Skills:
 + Level 1.6 Fighting
 + Level 1.1 Maces & Flails
 + Level 2.4 Dodging
 - Level 2.1 Stealth
 + Level 0.5 Shields
 + Level 4.9 Spellcasting
 + Level 3.4 Conjurations
 + Level 5.8 Fire Magic
 + Level 0.1 Air Magic


You had 5 spell levels left.
You knew the following spells:

 Your Spells              Type           Power      Damage    Failure   Level
a - Foxfire               Conj/Fire      84%        2x1d8     1%          1
b - Scorch                Fire           50%        2d7       1%          2
c - Kindle Blastsparks    Fire/Tloc/Air  22%        2d11      19%         3
d - Flame Wave            Conj/Fire      21%        2d8       21%         4

Your spell library contained the following spells:

 Spells                   Type           Power      Damage    Failure   Level
 Inner Flame              Hex/Fire       15%        N/A       12%         3


Dungeon Overview and Level Annotations

Branches:
Dungeon (5/15)
 Temple: D:4-7

Altars:

Annotations:
D:1 2 runed translucent doors
D:5 Sigmund


Innate Abilities, Weirdness & Mutations

You are immune to sickness and miasma.
Your stone body is resilient. (AC +4)
You are immune to poison.
You resist negative energy. (rN+)
You are resistant to electric shocks. (rElec)
You are resistant to unholy torment.
You are immune to petrification.


Message History

An orc priest comes into view. It is wielding a +0 whip.
The foxfire hits the orc warrior.
The orc warrior is severely wounded.
Casting: Foxfire (safe; 2% risk of failure)
Confirm with . or Enter, or press ? or * to list all spells.
You conjure some foxfire!
The foxfire hits the orc warrior.
The orc warrior is almost dead.
The foxfire hits the orc warrior but does no damage.
The orc warrior is almost dead.
The orc warrior shoots a bolt.
The bolt hits you.
Casting: Foxfire (safe; 2% risk of failure)
Confirm with . or Enter, or press ? or * to list all spells.
You conjure some foxfire!
The foxfire hits the orc warrior but does no damage.
The orc warrior is almost dead.
The foxfire hits the orc warrior but does no damage.
The orc warrior is almost dead.
Casting: Foxfire (safe; 2% risk of failure)
Confirm with . or Enter, or press ? or * to list all spells.
You conjure some foxfire!
The foxfire hits the orc warrior but does no damage.
The orc warrior is almost dead.
The foxfire hits the orc warrior.
The orc warrior is almost dead.
An orc priest comes into view. It is wielding a +0 mace.
The orc warrior shoots a bolt.
The bolt hits you!
Casting: Foxfire (safe; 2% risk of failure)
Confirm with . or Enter, or press ? or * to list all spells.
You conjure some foxfire!
The foxfire hits the orc warrior but does no damage.
The orc warrior is almost dead.
The foxfire hits the orc warrior.
You kill the orc warrior!
Casting: Foxfire (safe; 1% risk of failure)
Confirm with . or Enter, or press ? or * to list all spells.
You conjure some foxfire!
The foxfire hits the orc priest.
The orc priest is moderately wounded.
The orc priest calls down the wrath of Beogh upon you.
Beogh smites you!
You die...

...###..##.>.
.........$..
#...........
#..........
##........#
..#........
.)....§v.##
#.§§@§.#
#§§v?§##
....#v).÷#
#...?o.... #
.........
....)....#..
...o.....#...
.........#....


You could see 2 orc priests.

Vanquished Creatures
  An orc warrior (D:5)
  An ogre (D:5)
  2 phantoms
  3 scorpions
  A jelly (D:5)
  An orc priest (D:5)
  An iguana (D:4)
  7 gnolls
  4 adders
  4 worms
  3 dart slugs
  5 orcs
  5 endoplasms
  3 giant cockroaches
  10 goblins
  8 hobgoblins
  4 jackals
  4 quokkas
  5 ball pythons
  5 bats
  2 frilled lizards (D:2)
  10 kobolds
  7 rats
96 creatures vanquished.

Vanquished Creatures (others)
  305 foxfires
305 creatures vanquished.

Grand Total: 401 creatures vanquished

Notes
Turn   | Place    | Note
-------+----------+-------------------------------------------
     0 | D:1      | funkygono the Gargoyle Fire Elementalist began the quest
                  | for the Orb.
     0 | D:1      | Reached XP level 1. HP: 10/10 MP: 3/3
   408 | D:1      | Found a large runed translucent door.
   408 | D:1      | Found a large runed translucent door.
   409 | D:1      | Noticed an ogre
   410 | D:1      | Noticed an ogre
   411 | D:1      | Noticed an ogre
   411 | D:1      | Noticed an ogre
   440 | D:1      | Reached XP level 2. HP: 15/15 MP: 1/5
  1105 | D:1      | Reached XP level 3. HP: 19/19 MP: 4/6
  1108 | D:1      | Learned a level 2 spell: Scorch
  1112 | D:1      | Learned a level 3 spell: Kindle Blastsparks
  1269 | D:1      | Found a faded altar of an unknown god.
  1755 | D:2      | Reached XP level 4. HP: 18/24 MP: 5/8
  1777 | D:2      | Reached skill level 4 in Fire Magic
  2398 | D:3      | HP: 1/24 [gnoll/+0 spear (5)]
  2444 | D:3      | Reached XP level 5. HP: 5/28 MP: 3/10
  2699 | D:3      | Learned a level 4 spell: Flame Wave
  3219 | D:4      | Identified the +4 ring mail of the Seven Teeth {Str+3 Dex-3
                  | Slay+3}
  3991 | D:4      | Noticed a phantom
  4077 | D:4      | HP: 1/28 [phantom (2)]
  4081 | D:4      | Killed a phantom
  4082 | D:4      | Reached skill level 1 in Fighting
  4082 | D:4      | Reached XP level 6. HP: 1/34 MP: 9/12
  4847 | D:5      | Entered Level 5 of the Dungeon
  4867 | D:5      | Reached skill level 5 in Fire Magic
  4966 | D:5      | Noticed Sigmund
  4971 | D:5      | Reached skill level 1 in Maces & Flails
  4971 | D:5      | Reached XP level 7. HP: 38/38 MP: 5/13
  5423 | D:5      | Killed from afar by an orc priest

Illustrated notes

Levels and vault maps discovered:
D:1:      erik_arrival_cave_to_civilisation [erik_arrival_cave_to_temple],
          layout_rooms, dreamdust_ecumenical_altar_angels_and_demons
D:2:      layout_rooms
D:3:      layout_loops_ring
D:4:      minmay_spotlight, layout_basic
D:5:      layout_cave_pools, minmay_temple_entry_wispy,
          small_statue_intersection, serial_park_tiny_1, uniq_sigmund

Skill      XL: |  1  2  3  4  5  6  7 |
---------------+----------------------+-----
Spellcasting   | 3 4 |  4.9
Fire Magic     | 4 5 |  5.8
Conjurations   | 2 3 |  3.4
Fighting       | 1 |  1.6
Dodging        | 2 |  2.4
Maces & Flails | 1 |  1.1
Stealth        | |  2.1
Shields        | |  0.5
Air Magic      | |  0.1

Action                   |  1- 3 |  4- 6 |  7- 9 || total
-------------------------+-------+-------+-------++-------
Melee: Unarmed           |     3 |       |       ||     3
       Whip              |     7 |    68 |     1 ||    76
 Cast: Foxfire           |    64 |    86 |    27 ||   177
       Scorch            |       |    15 |     8 ||    23
       Kindle Blastspark |       |     1 |       ||     1
  Use: Scroll            |     1 |    15 |       ||    16
       Potion            |       |     2 |       ||     2
 Stab: Sleeping          |       |     1 |       ||     1
Armor: Robe              |    11 |    26 |     5 ||    42
Dodge: Dodged            |    17 |    55 |    20 ||    92
Block: Other             |       |    12 |     5 ||    17
       Reflection        |       |     1 |     1 ||     2

Table legend: (Time is in decaauts)
 A = Elapsed time spent in this place.
 B = Non-inter-level travel time spent in this place.
 C = Inter-level travel time spent in this place.
 D = Time resting spent in this place.
 E = Time spent auto-exploring this place.
 F = Levels seen in this place.
 G = Mean time per level.
                   A        B        C        D        E       F      G
               +--------+--------+--------+--------+--------+-----+--------+
         Total |   5429 |   5388 |     41 |   1025 |   3464 |   5 | 1085.8 |
       Dungeon |   5429 |   5388 |     41 |   1025 |   3464 |   5 | 1085.8 |
               +--------+--------+--------+--------+--------+-----+--------+

Top non-repeatable levels by time:
     D:4: 2128 daAuts
     D:1: 1333 daAuts
     D:3: 1033 daAuts
     D:2: 762 daAuts
     D:5: 172 daAuts
